 Dungeon Crawl Stone Soup version 0.29-a0-557-g43b9904bd1 (webtiles) character file.

Game seed: 5289002727082524460

2 MylesGorder the Skirmisher (level 1, -3/19 HPs)
             Began as a Draconian Fighter on June 8, 2022.
             Slain by a gnoll
             ... wielding a +0 flail
              (5 damage)
             ... on level 1 of the Dungeon.
             The game lasted 00:00:11 (84 turns).

MylesGorder the Skirmisher (Draconian Fighter)        Turns: 84, Time: 00:00:11

Health: -3/19      AC:  4    Str: 18    XL:     1   Next: 25%
Magic:  1/1        EV: 12    Int:  8    God:
Gold:   20         SH:  4    Dex: 10    Spells: 0/0 levels left

rFire   . . .      SeeInvis .   a - +0 war axe
rCold   . . .      Faith    .   b - +0 buckler
rNeg    . . .      Spirit   .   (body armour unavailable)
rPois   .          Reflect  .   (helmet restricted)
rElec   .          Harm     .   (no cloak)
rCorr   .          Rampage  .   (no gloves)
Will    .....                   (no boots)
Stlth   +.........              (no amulet)
HPRegen 0.06/turn               (no ring)
MPRegen 0.07/turn               (no ring)

@: no status effects
A: AC +4, unfitting armour, cold-blooded
a: no special abilities


You were on level 1 of the Dungeon.
You visited 1 branch of the dungeon, and saw 1 of its levels.

You collected 20 gold pieces.

Inventory:

Hand Weapons
 a - a +0 war axe (weapon)
Armour
 b - a +0 buckler (worn)
Scrolls
 e - a scroll of vulnerability {unknown}
Potions
 c - a potion of might
 d - 2 potions of brilliance {unknown}


   Skills:
 + Level 3.3 Fighting
 + Level 2.0 Axes
 + Level 2.7 Dodging
 + Level 3.0 Shields


You couldn't memorise any spells.
You didn't know any spells.
Your spell library was empty.

Dungeon Overview and Level Annotations

Branches:
Dungeon (1/15)

Altars:


Innate Abilities, Weirdness & Mutations

Your plain brown scales are hard. (AC +4)
You cannot fit into any form of body armour.
You are cold-blooded and may be slowed by cold attacks.


Message History

HP restored.
e - a scroll labelled KIAXTAZO BEFIST A frilled lizard comes into view.
The frilled lizard hisses angrily.
A frilled lizard is nearby!
You miss the frilled lizard. You block the frilled lizard's attack.
The frilled lizard closely misses you.
You closely miss the frilled lizard.
The frilled lizard bites you but does no damage.
You slash the frilled lizard!
You kill the frilled lizard!
You see here a frilled lizard corpse.
A gnoll comes into view. It is wielding a +0 flail.
A gnoll is nearby!
A gnoll is nearby!
The gnoll shouts!
You hear an angry hiss.
A frilled lizard comes into view.
A quokka comes into view.
You block the frilled lizard's attack.
You closely miss the gnoll. You barely miss the frilled lizard.
The gnoll barely misses you. The frilled lizard barely misses you.
You slash the gnoll! You tail-slap the gnoll.
The gnoll is almost dead.
You barely miss the frilled lizard. The gnoll hits you with a +0 flail.
The frilled lizard bites you. The gnoll closely misses you.
The frilled lizard bites you.
You closely miss the gnoll.
The gnoll is almost dead.
You miss the frilled lizard. The gnoll completely misses you.
You block the frilled lizard's attack.
You hit the gnoll but do no damage.
The gnoll is almost dead.
You closely miss the frilled lizard. The gnoll hits you with a +0 flail.
You block the frilled lizard's attack. The gnoll hits you with a +0 flail!
* * * LOW HITPOINT WARNING * * *
You block the frilled lizard's attack.
You barely miss the gnoll.
Your tail-slap misses the gnoll.
The gnoll is almost dead.
You miss the frilled lizard. The gnoll hits you with a +0 flail.
You die...

## ################ ..
................ ###.
####....######. ### ..r
#....# #.
.....#l######....#######
......g@................
.#.....#################
###.## ...... .. ......
## ...... ##+### #.. #.#
#


You could see a gnoll, a quokka and a frilled lizard.

Vanquished Creatures
  A kobold (D:1)
  A frilled lizard (D:1)
2 creatures vanquished.

Notes
Turn   | Place    | Note
-------+----------+-------------------------------------------
     0 | D:1      | MylesGorder the Draconian Fighter began the quest for the
                  | Orb.
     0 | D:1      | Reached XP level 1. HP: 19/19 MP: 1/1
    84 | D:1      | Slain by a gnoll

Illustrated notes

Levels and vault maps discovered:
D:1:      co_arrival_square_in_a_square_in_a_square, layout_basic,
          shapermc_ecumenical_altar_mp_vishouse, st_stairs_13

Action                   || total
-------------------------++-------
Melee: War axe           ||    10
       Tailslap          ||     1
Armor: Skin              ||     1
Dodge: Dodged            ||     5
Block: Buckler           ||     5

Table legend: (Time is in decaauts)
 A = Elapsed time spent in this place.
 B = Non-inter-level travel time spent in this place.
 C = Inter-level travel time spent in this place.
 D = Time resting spent in this place.
 E = Time spent auto-exploring this place.
 F = Levels seen in this place.
 G = Mean time per level.
                   A        B        C        D        E       F      G
               +--------+--------+--------+--------+--------+-----+--------+
         Total |     88 |     88 |      0 |      0 |     57 |   1 |   88.0 |
       Dungeon |     88 |     88 |      0 |      0 |     57 |   1 |   88.0 |
               +--------+--------+--------+--------+--------+-----+--------+

Top non-repeatable levels by time:
     D:1: 88 daAuts
